Map: 亚历山大港 - 天梯版

Players

iAsonu

  • Race: Zerg Zerg

PtitDrogo - Winner!

  • Race: Protoss Protoss
  • League: Platinum

Event: WESG 2018 Grand Finals

VOD

Have the link to the VOD?

Description

Time

  • Played on: March 12, 2019, 7:30 a.m.
  • Length: 8:03

All games in this series

Show
View Real Time Build Order
Export as new Build Order

iAsonu Zerg 

Build Orders: Hatch First 

Get SALT Encoding   

  12  0:01  Drone  
  13  0:12  Overlord  
  13  0:18  Drone  
  14  0:31  Drone  
  14  0:32  Drone  
  17  0:35  Drone  
  17  0:53  Hatchery  
  17  0:56  Drone  
  17  0:59  Drone  
  18  1:10  Extractor  
  17  1:14  Spawning Pool  
  17  1:18  Drone  
  17  1:20  Drone  
  18  1:28  Drone  
  19  1:40  Drone  
  20  1:50  Hatchery  
  21  2:02  Drone  
  20  2:09  Queen  
  20  2:11  Queen  
  20  2:15  Drone  
  25  2:21  Overlord  
  25  2:25  Drone  
  25  2:28  Drone  
  27  2:32  Metabolic Boost  
  27  2:37  Drone  
  28  2:41  Zergling x4  
  30  2:45  Drone  
  30  2:49  Drone x2  
  33  2:56  Queen  
  35  3:01  Drone  
  36  3:07  Overlord  
  36  3:08  Drone x2  
  37  3:14  Queen  
  37  3:17  Drone  
  37  3:19  Drone  
  41  3:23  Drone  
  42  3:27  Drone x2  
  42  3:31  Spore Crawler  
  42  3:32  Drone x2  
  45  3:36  Drone  
  45  3:38  Drone x2  
  48  3:42  Drone x2  
  50  3:49  Overlord  
  50  4:00  Overlord  
  50  4:05  Overlord  
  50  4:07  Drone  
  50  4:08  Drone x7  
  58  4:11  Overlord  
  58  4:16  Overlord  
  58  4:18  Spore Crawler  
  58  4:20  Drone x2  
  58  4:22  Drone  
  58  4:23  Drone  
  61  4:26  Drone x2  
  61  4:27  Drone  
  63  4:33  Drone  
  63  4:34  Roach Warren  
  63  4:35  Drone  
  63  4:37  Drone x2  
  63  4:38  Lair  
  66  4:41  Drone  
  67  4:46  Queen  
  67  4:47  Drone  
  67  4:49  Extractor  
  67  4:51  Drone, Extractor  
  67  4:52  Drone x2  
  71  4:54  Overlord  
  71  4:57  Queen  
  71  4:59  Drone x2  
  74  5:01  Overlord, Extractor  
  74  5:03  Extractor  
  74  5:04  Drone  
  74  5:06  Overlord  
  73  5:11  Drone  
  73  5:13  Overlord  
  74  5:18  Roach x4  
  84  5:28  Roach  
  84  5:29  Roach x2  
  75  5:52  Drone  
  75  5:53  Drone x4  
  75  5:55  Glial Reconstitution  
  80  5:59  Drone  
  80  6:00  Hydralisk Den, Drone  
  80  6:01  Overseer, Evolution Chamber, Drone x4  
  81  6:06  Drone  
  81  6:07  Drone x2  
  84  6:12  Overlord  
  84  6:15  Drone x2  
  84  6:16  Drone  
  84  6:17  Drone  
  88  6:19  Overseer  
  88  6:21  Roach x2  
  88  6:22  Roach x2  
  96  6:30  Roach x2  
  96  6:32  Overlord  
  100  6:39  Roach  
  106  6:40  Roach x2  
  106  6:45  Grooved Spines  
  106  6:48  Overlord  
  106  6:50  Roach x3  
  106  6:52  Roach x5  
  122  6:57  Pneumatized Carapace, Extractor  
  121  7:01  Hydralisk  
  121  7:02  Hydralisk x2  
  121  7:07  Overlord  
  127  7:15  Drone x2, Hatchery  
  127  7:16  Drone  
  127  7:17  Hydralisk x4  
  137  7:23  Ravager  
  137  7:26  Roach  
  137  7:27  Roach  
  142  7:34  Roach x4  
  134  7:42  Roach x3  
Show
View Real Time Build Order
Export as new Build Order

PtitDrogo Protoss - Winner!

Build Orders: 1 Gate Expand, Oracle Opening, Zealot Archon, Archon Drop 

Get SALT Encoding   

  12  0:00  Probe  
  13  0:13  Probe  
  14  0:20  Pylon  
  14  0:25  Probe  
  15  0:34  Probe  
  15  0:39  Gateway  
  16  0:42  Probe  
  16  0:48  Assimilator  
  17  0:52  Probe  
  18  1:05  Probe  
  19  1:17  Probe  
  20  1:26  Nexus  
  20  1:36  Cybernetics Core  
  20  1:39  Probe  
  21  1:48  Assimilator  
  21  1:51  Probe  
  22  1:57  Pylon  
  22  2:04  Probe  
  22  2:05  Adept  
  25  2:16  Probe  
  25  2:20  Stargate  
  26  2:27  Probe  
  26  2:28  Warp Gate  
  27  2:35  Probe  
  27  2:36  Probe  
  27  2:38  Stalker  
  27  2:43  Probe  
  31  2:44  Probe  
  33  2:54  Probe x2  
  33  2:58  Oracle  
  35  3:06  Probe x2  
  40  3:15  Pylon  
  40  3:18  Probe  
  41  3:21  Probe  
  41  3:25  Robotics Facility  
  42  3:30  Assimilator  
  42  3:31  Probe  
  42  3:33  Probe  
  44  3:35  Assimilator  
  44  3:41  Gateway  
  44  3:43  Probe  
  44  3:45  Probe  
  46  3:48  Twilight Council  
  46  3:55  Probe  
  47  3:59  Probe  
  48  4:03  Warp Prism  
  48  4:07  Probe  
  49  4:11  Probe  
  49  4:12  Gateway x2  
  52  4:19  Pylon  
  52  4:20  Probe  
  52  4:23  Probe  
  54  4:31  Templar Archives  
  54  4:37  Zealot  
  56  4:42  Observer  
  57  4:47  Pylon  
  57  4:49  Nexus  
  57  4:51  Probe x2  
  59  4:58  Pylon  
  59  5:03  Probe x2  
  61  5:08  Forge  
  61  5:09  High Templar x3  
  61  5:12  High Templar  
  61  5:13  Immortal  
  69  5:15  Archon, Probe  
  69  5:16  Archon, Probe  
  71  5:26  Pylon  
  75  5:30  Protoss Ground Weapons Level 1  
  75  5:42  Immortal  
  75  5:43  Charge  
  75  5:49  Probe  
  76  5:57  Gateway  
  76  6:00  Gateway  
  76  6:05  Probe x2  
  76  6:07  Gateway  
  76  6:10  Sentry  
  80  6:12  Immortal  
  80  6:15  Gateway  
  80  6:17  Probe  
  80  6:18  Sentry  
  83  6:20  Probe  
  88  6:32  Probe x3  
  91  6:33  Pylon  
  91  6:37  Sentry x2  
  95  6:42  Pylon  
  95  6:45  Pylon  
  95  6:48  Pylon  
  95  6:50  Pylon  
  95  6:52  Probe, Assimilator  
  95  6:54  Pylon, Assimilator  
  96  6:55  Pylon, Probe  
  97  7:03  High Templar  
  97  7:04  High Templar  
  97  7:05  Zealot x5  
  111  7:09  Zealot, Archon  
  111  7:13  Pylon  
  113  7:27  Zealot x5  
  119  7:39  Zealot x3  
  119  7:40  Probe  
  122  7:45  Probe  
Tags
 
Add a new tag
Caveats
  • Supply blocks, unpowered buildings, or Contaminate may cause inaccurate times.
  • Supply counts are checked every 10 seconds.